 Dungeon Crawl Stone Soup version 0.32-a0-612-g1c984fe9d1 (console) character file.

Game seed: 2390635401918721677

2081132 elliptic the Conqueror (level 27, 273/273 HPs)
             Began as a Coglin Hexslinger on Mar 4, 2024.
             Was a High Priest of Okawaru.
             Escaped with the Orb
             ... and 3 runes
             ... and 1 gem on Mar 5, 2024!
             The game lasted 03:10:41 (51941 turns).

elliptic the Conqueror (Coglin Hexslinger)         Turns: 51941, Time: 03:10:42

Health: 273/273    AC: 14    Str:  8    XL:     27
Magic:  37/37      EV: 49    Int: 12    God:    Okawaru [*****.]
Gold:   7099       SH:  0    Dex: 35    Spells: 28/28 levels left

rFire   + + .        a - +9 sling (freeze) {Else}
rCold   + + .        b - +2 hand cannon {heavy, rElec rF+}
rNeg    . . .        L - +1 robe of Vines {NoPotionHeal Regen++++, nodragon}
rPois   +            S - +2 helmet {SInv}
rElec   +            N - scarf "Jicuuza" {rC+ rF+, Rampage Will- MP+9 Dex+4}
rCorr   +            u - +2 pair of gloves {Dex+3}
SInv    +            d - +2 pair of boots {rampage}
Will    ++...        (amulet unavailable)
Stlth   +            (ring unavailable)
HPRegen 3.85/turn    (ring unavailable)
MPRegen 0.25/turn    O - retrosamoflange W-90 {rPois Will+ rCorr Clar RMsl}

%: repel missiles, clarity, rampage
@: studying 2 skills
A: off-hand wielding, slow wielding, warmup strikes, no jewellery, cold
resistance 1, dopey 1, low MP 1, robust 1, weak 1
0: Orb of Zot
}: 3/15 runes: decaying, serpentine, silver
a: Renounce Religion, Heroism, Finesse, Duel


You escaped.
You worshipped Okawaru.
Okawaru was extremely pleased with you.
You visited 11 branches of the dungeon, and saw 51 of its levels.
You also visited: Sewer, Ossuary, Bailey, Gauntlet, Ice Cave and Desolation.

You collected 10576 gold pieces.
You spent 3477 gold pieces at shops.


Innate Abilities, Weirdness & Mutations

You can wield a second weapon in your off-hand.
It takes a long time for you to wield or remove held weapons.
Your first few attacks do less damage.
You cannot equip rings or amulets.
Your flesh is cold resistant. (rC+)
You are dopey. (Int -2)
Your magical capacity is low. (-10% MP)
You are robust. (+10% HP)
You are weak. (Str -2)


   Skills:
 O Level 27 Fighting
 + Level 24.3 Ranged Weapons
 - Level 11.0 Armour
 O Level 27 Dodging
 - Level 1.0 Spellcasting
 - Level 2.6 Hexes
 - Level 0.8 Fire Magic
 - Level 12.0 Invocations
 - Level 3.0 Evocations


You had 28 spell levels left.
You didn't know any spells.
Your spell library contained the following spells:

 Spells                   Type           Power      Damage    Failure   Level
 Jinxbite                 Hex            14%        N/A       16%         2
 Foxfire                  Conj/Fire      4%         2x1d4     26%         1
 Ensorcelled Hibernation  Hex/Ice        6%         N/A       26%         2
 Apportation              Tloc           0%         N/A       30%         1
 Freeze                   Ice            0%         1d3       30%         1
 Kiss of Death            Conj/Necr      0%         2d5       30%         1
 Necrotise                Necr           0%         1d4       30%         1
 Shock                    Conj/Air       0%         1d3       30%         1
 Sting                    Conj/Alch      0%         1d3       30%         1
 Confusing Touch          Hex            7%         N/A       30%         3
 Sigil of Binding         Hex            7%         N/A       30%         3
 Blink                    Tloc           0%         N/A       41%         2
 Cigotuvi's Dreadful Rot  Necr/Alch/Air  0%         N/A       41%         2
 Lesser Beckoning         Tloc           0%         N/A       41%         2
 Mercury Vapours          Alch/Air       0%         N/A       41%         2
 Momentum Strike          Conj/Tloc      0%         3d8       41%         2
 Sublimation of Blood     Necr           0%         N/A       41%         2
 Inner Flame              Hex/Fire       4%         N/A       41%         3
 Dazzling Flash           Conj/Hex       6%         N/A       45%         3
 Volatile Blastmotes      Fire/Tloc      2%         2d10      58%         3
 Frozen Ramparts          Ice            0%         1d1       65%         3
 Fugue of the Fallen      Necr           0%         N/A       65%         3
 Gell's Gravitas          Tloc           0%         N/A       65%         3
 Hailstorm                Conj/Ice       0%         3d5       65%         3
 Mephitic Cloud           Conj/Alch/Air  0%         N/A       65%         3
 Ozocubu's Armour         Ice            0%         N/A       65%         3
 Stone Arrow              Conj/Erth      0%         3d7       65%         3
 Swiftness                Air            0%         N/A       65%         3
 Teleport Other           Tloc           0%         N/A       65%         3
 Cause Fear               Hex            3%         N/A       69%         4
 Anguish                  Hex/Necr       1%         N/A       86%         4
 Dimensional Bullseye     Hex/Tloc       1%         N/A       86%         4
 Flame Wave               Conj/Fire      1%         2d4       94%         4
 Sticky Flame             Fire/Alch      1%         2d4       94%         4
 Airstrike                Air            0%         2d(0-16)  96%         4
 Dispel Undead            Necr           0%         3d6       96%         4
 Leda's Liquefaction      Alch/Erth      0%         N/A       96%         4
 Manifold Assault         Tloc           0%         N/A       96%         4
 Olgreb's Toxic Radiance  Alch           0%         N/A       96%         4
 Petrify                  Alch/Erth      0%         N/A       96%         4
 Vhi's Electric Charge    Tloc/Air       0%         N/A       96%         4
 Alistair's Intoxication  Alch           0%         N/A       100%        5
 Borgnjor's Vile Clutch   Necr/Erth      0%         N/A       100%        5
 Irradiate                Conj/Alch      0%         3d11      100%        5
 Lee's Rapid Deconstruct  Erth           0%         3d4*      100%        5
 Bombard                  Conj/Erth      0%         9d1       100%        6
 Dispersal                Tloc           0%         N/A       100%        6
 Eringya's Noxious Bog    Alch           0%         4d6       100%        6
 Plasma Beam              Fire/Air       0%         2x1d10    100%        6
 Starburst                Conj/Fire      0%         6d3       100%        6
 Enfeeble                 Hex            3%         N/A       100%        7
 Ozocubu's Refrigeration  Ice            0%         4d7       100%        7
 Borgnjor's Revivificati  Necr           0%         N/A       100%        8
 Discord                  Hex            3%         N/A       100%        8
 Disjunction              Tloc           0%         N/A       100%        8
 Ignition                 Fire           1%         3d3       100%        8
 Lehudib's Crystal Spear  Conj/Erth      0%         10d2      100%        8
 Maxwell's Capacitive Co  Air            0%         death     100%        8
 Death's Door             Necr           0%         N/A       100%        9
 Fire Storm               Conj/Fire      0%         6d1       100%        9
 Polar Vortex             Ice            0%         N/A       100%        9
 Summon Small Mammal      Summ           Unusable   N/A       N/A         1
 Tukima's Dance           Hex            Unusable   N/A       N/A         3
 Call Imp                 Summ           Unusable   N/A       N/A         2
 Call Canine Familiar     Summ           Unusable   N/A       N/A         3
 Summon Ice Beast         Ice/Summ       Unusable   N/A       N/A         3
 Animate Armour           Summ/Erth      Unusable   N/A       N/A         4
 Martyr's Knell           Necr/Summ      Unusable   N/A       N/A         4
 Summon Lightning Spire   Summ/Air       Unusable   N/A       N/A         4
 Death Channel            Necr           Unusable   N/A       N/A         6
 Sculpt Simulacrum        Ice/Alch       Unusable   N/A       N/A         6
 Haunt                    Necr/Summ      Unusable   N/A       N/A         7
 Summon Hydra             Summ           Unusable   N/A       N/A         7

Inventory:

Hand Weapons
 a - a +9 sling of freezing (weapon) {Else}
 b - the +2 hand cannon of Paetusm (offhand) {heavy, rElec rF+}
   (Okawaru gifted it to you on level 2 of the Lair of Beasts)

   rF+:       It protects you from fire.
   rElec:     It insulates you from electricity.
Missiles
 e - 3 throwing nets
 t - 15 curare-tipped darts (quivered)
Armour
 d - a +2 pair of boots of rampaging (worn)
 m - the +1 cloak of Noew {rC- Int+6 Dex+3}
   (You found it in a Gauntlet)

   Int+6:     It affects your intelligence (+6).
   Dex+3:     It affects your dexterity (+3).
   rC-:       It makes you vulnerable to cold.
 u - a +2 pair of gloves of dexterity (worn)
 G - the +4 dragonskin cloak
   (You took it off Tiamat on level 5 of the Realm of Zot)

   Avatar's Aegis: It grants the wearer a chance to resist fire, cold, poison,
   electricity, acid, and negative energy.
 H - +2 steam dragon scales
 L - the +1 robe of Vines (worn) {NoPotionHeal Regen++++, nodragon}
   (You found it on level 1 of the Lair of Beasts)

   NoPotionHeal: Its wearer cannot be healed by potions.
   Regen++++: It increases your rate of health regeneration.
 M - the +0 pair of boots "Didep" {-Cast rElec rC+++ Str+4}
   (You found it on level 13 of the Dungeon)

   Str+4:     It affects your strength (+4).
   rC+++:     It renders you almost immune to cold.
   rElec:     It insulates you from electricity.
   -Cast:     It prevents spellcasting.
 N - the scarf "Jicuuza" (worn) {rC+ rF+, Rampage Will- MP+9 Dex+4}
   (Okawaru gifted it to you on level 2 of the Lair of Beasts)

   Dex+4:     It affects your dexterity (+4).
   Will-:     It decreases your willpower.
   MP+9:      It affects your magic capacity (+9).
   Rampage:   It bestows one free step when moving towards enemies.
 R - the +3 leather armour of Greed {rN+ Will+ Str+4}
   (You bought it in a shop on level 12 of the Dungeon)

   Str+4:     It affects your strength (+4).
   rN+:       It protects you from negative energy.
   Will+:     It increases your willpower.
 S - a +2 helmet of see invisible (worn)
 U - the +0 cloak of Taghol {Harm Dex+7}
   (You found it on level 3 of the Vaults)

   Dex+7:     It affects your dexterity (+7).
   Harm:      It increases damage dealt and taken.
 V - a +0 cloak of willpower
Gizmo
 O - a retrosamoflange W-90 (installed) {rPois Will+ rCorr Clar RMsl}
   (You invented it yourself on level 3 of the Lair of Beasts)

   [retrosamoflange W-90]

   rPois:     It protects you from poison.
   Will+:     It increases your willpower.
   Clar:      It protects you from confusion, rage, mesmerisation and fear.
   RMsl:      It protects you from missiles.
   rCorr:     It protects you from acid and corrosion.
Wands
 c - a wand of roots (65)
 g - a wand of mindburst (49)
 r - a wand of flame (166)
 s - a wand of digging (18)
 z - a wand of light (60)
 C - a wand of polymorph (38)
Scrolls
 j - 4 scrolls of enchant armour
 k - 27 scrolls of teleportation
 n - 9 scrolls of blinking
 q - 7 scrolls of poison
 y - 6 scrolls of vulnerability
 D - 3 scrolls of brand weapon
 E - 15 scrolls of fear
 F - 9 scrolls of fog
 K - 2 scrolls of enchant weapon
 Q - 6 scrolls of silence {!r}
Potions
 f - 22 potions of heal wounds
 h - 8 potions of mutation {!q}
 i - 10 potions of might
 l - 3 potions of haste
 o - 3 potions of resistance
 p - 2 potions of magic
 v - 13 potions of enlightenment
 w - 35 potions of curing
 x - 2 potions of ambrosia
 A - 10 potions of invisibility
 B - 8 potions of berserk rage {!q}
 I - 4 potions of cancellation
 J - 8 potions of brilliance
Miscellaneous
 P - a lightning rod (4/4)


Message History

Your extra speed is starting to run out.
You feel yourself slow down.
You see here a +0 dagger.
There is a stone staircase leading up here.
You climb upwards.
There is a stone staircase leading down here.
There is a stone staircase leading up here.
You climb upwards.
There is a stone staircase leading down here.
A reaper comes into view. It is wielding a +2 heavy scythe.
You can now deal lightning-fast blows.
You shoot a bolt. The bolt hits the reaper!!!
The reaper is almost dead.
You shoot a sling bullet. The sling bullet hits the reaper.
The sling bullet freezes the reaper.
The reaper is almost dead.
You shoot a bolt.
The bolt hits the reaper but does no damage.
The reaper is almost dead.
You shoot a sling bullet.
The sling bullet hits the reaper but does no damage.
The reaper is almost dead.
You shoot a sling bullet.
The sling bullet hits the reaper but does no damage.
The reaper is almost dead.
You shoot a bolt. The bolt hits the reaper!!
You kill the reaper!
Okawaru accepts your kill.
No target in view!
There is an escape hatch in the ceiling here.
You feel yourself speed up. A mysterious force pulls you upwards.
The hatch slams shut behind you.
Magic restored.
Your extra speed is starting to run out.
You feel yourself slow down.
Things that are here:
a +0 short sword; a kobold skeleton Your graspers slow down.
There is a staircase leading out of the dungeon here.
You have escaped!

#.............#.#.#
#####.#####.####...#
#.....# #.# #####
#.###.#####.# #.#
#....##.#
######.###.##....#######
#......................#
#......########..#####.#
#......# #.@.#..# #.#
#......# #...#..# #.#
######## #...#..# #.#
#...#..# #.# #.#.#..#
### #.#.#..# # #...#..#
####### #...#..# ......#
#...#..# ##########


There were no monsters in sight!

Vanquished Creatures
  Tiamat (Zot:5)
  3 ancient liches
  Mara (Elf:3)
  4 orbs of fire (Zot:5)
  Mennas (Crypt:1)
  Xtahua (Vaults:4)
  Bai Suzhen (Depths:1)
  The ghost of Uferhotu the Impregnable, a veteran MiGl of Hepliaklqana (Crypt:2)
  5 Killer Klowns (Zot:5)
  the Lernaean hydra (Swamp:4)
  Vashnia (Snake:2)
  7 caustic shrikes (Depths:3)
  Saint Roka (Snake:4)
  8 golden dragons
  Nikola (Depths:1)
  A profane servitor (Crypt:3)
  Norris (Vaults:1)
  A Tzitzimitl (Depths:4)
  A bone dragon (Crypt:3)
  3 electric golems
  2 shard shrike zombies (Crypt:3)
  A hellephant (Depths:2)
  2 walking crystal tomes
  A walking earthen tome (Depths:3)
  22 Orb Guardians
  A walking divine tome (Depths:3)
  6 titans
  10 tentacled monstrosities
  The ghost of Vikexyd the Warrior, an adept DrEE of Gozag (Snake:2)
  7 liches
  A walking frostbound tome (Depths:3)
  5 deep elf blademasters
  6 quicksilver dragons
  The ghost of Feshunla the Bewitcher, an adept KoEn of Dithmenos (Vaults:3)
  3 ancient champions
  5 sphinxes
  3 death cobs (Zot:5)
  A deep elf master archer (Elf:3)
  6 tengu reavers
  Donald (Snake:4)
  5 shadow dragons
  Aizul (Swamp:2)
  5 nagarajas
  12 storm dragons
  A revenant (Crypt:2)
  A draconian monk (Zot:1)
  6 deep elf sorcerers
  4 iron dragons
  20 vault wardens
  5 draconian shifters
  11 frost giants
  9 fire giants
  6 draconian scorchers
  4 draconian knights
  A caustic shrike zombie (Crypt:3)
  2 draconian stormcallers
  An imperial myrmidon (Desolation)
  7 deep elf elementalists (Elf:3)
  Louise (Snake:1)
  3 curse skulls
  18 ghouls
  2 formless jellyfish
  4 orc warlords
  A reaper (D:2)
  27 ironbound preservers
  3 spriggan defenders
  A draconian annihilator (Depths:4)
  2 ironbound thunderhulks
  25 stone giants
  23 very ugly things
  12 vampire knights
  9 green draconians
  A halazid warlock (Desolation)
  4 eleionomae
  7 black draconians
  7 deep elf demonologists
  A bunyip (Swamp:4)
  9 deep elf death magi
  4 war gargoyles
  3 white draconians
  6 red draconians
  4 yellow draconians
  A minotaur (Gauntlet)
  14 deep elf annihilators
  7 purple draconians
  Azrael (Elf:1)
  4 spark wasps (Depths:1)
  2 dire elephants
  15 eidola
  An ettin (shapeshifter) (Vaults:5)
  11 jiangshi
  17 ettins
  A mummy priest (Crypt:3)
  8 crystal guardians
  Josephine (D:11)
  11 deep elf high priests
  A quicksilver dragon zombie (Crypt:3)
  3 spriggan zombies
  10 fire dragons
  15 yaktaur captains
  The ghost of Goblam the Cleaver, a journeyman MiFi of Trog (D:13)
  3 entropy weavers
  10 ragged hierophants (Desolation)
  11 servants of whispers (Desolation)
  34 vault guards
  9 great orbs of eyes
  12 ice dragons
  3 caustic shrike simulacra (IceCv)
  4 spriggan air magi
  30 hydras
  2 shambling mangroves (Swamp:4)
  A juggernaut simulacrum (Crypt:1)
  A fenstrider witch zombie (Crypt:1)
  A sphinx zombie (Depths:1)
  17 peacekeepers
  2 ogre magi (Vaults:5)
  A salamander tyrant (Snake:2)
  14 ironbound frosthearts
  6 rakshasas
  6 alligators
  4 death knights
  23 centaur warriors
  5 boulder beetles
  6 anacondas
  6 ghost crabs
  36 dancing weapons
  13 death yaks
  3 catoblepae
  8 two-headed ogres
  5 tengu warriors
  A two-headed ogre (shapeshifter) (Vaults:5)
  4 deep troll shamans
  9 vampire magi
  Urug (Lair:5)
  A sphinx skeleton (Vaults:3)
  17 naga warriors
  7 hell hogs (Depths:2)
  2 titan zombies
  6 orc high priests
  14 naga sharpshooters
  7 hell knights (Depths:1)
  6 shock serpents
  11 deep troll earth magi
  4 spriggan berserkers
  22 deep elf knights
  2 occultists (Depths:1)
  4 skysharks
  Lodul (D:13)
  A shadow wraith (Crypt:2)
  5 iron trolls
  2 titan skeletons
  6 salamander mystics
  35 skeletal warriors
  An iron giant zombie (Crypt:3)
  6 arcanists
  4 spriggan druids
  67 deep trolls
  2 mana vipers (shapeshifter) (Depths:1)
  5 goliath frogs
  5 lindwurms
  7 glowing orange brains
  3 orange crystal statues
  A shadow dragon zombie (Crypt:3)
  A deep troll (shapeshifter) (Depths:1)
  9 bog bodies
  13 mana vipers
  3 flayed ghosts
  A swamp dragon (shapeshifter) (Depths:3)
  14 swamp dragons
  19 deep elf archers
  A bunyip skeleton (Crypt:1)
  A spark wasp zombie (Depths:1)
  7 naga ritualists
  5 thermic dynamos
  Pikel (D:4)
  A sun moth (shapeshifter) (Vaults:5)
  A jorogumo zombie (Crypt:2)
  A tengu zombie (Vaults:3)
  39 ironbound convokers
  42 phantasmal warriors
  12 necromancers
  A steelbarb worm (shapeshifter) (Depths:3)
  39 deep elf zephyrmancers
  8 orc knights
  A wolf spider zombie (D:13)
  6 harpies
  36 deep elf pyromancers
  52 ugly things
  6 wolf spiders
  5 orc sorcerers
  4 will-o-the-wisps
  18 salamanders
  2 stone giant zombies (Vaults:3)
  4 cyclopes
  2 frost giant zombies
  A glowing shapeshifter (Depths:3)
  2 oklob plants
  A shadow dragon skeleton (Crypt:1)
  18 moths of wrath
  A shock serpent zombie (Crypt:2)
  2 large abominations (Gauntlet)
  2 dire elephant zombies
  2 kobold blastminers (Orc:2)
  2 manticores (D:15)
  2 elephants (shapeshifter) (Vaults:5)
  20 elephants
  3 guardian serpents
  29 black mambas
  A torpor snail (shapeshifter) (Depths:3)
  3 meliai (D:14)
  A formless jellyfish zombie (Crypt:2)
  2 naga zombies (Crypt:3)
  17 vault sentinels
  2 eyes of devastation (shapeshifter) (Vaults:5)
  A torpor snail (Lair:4)
  A titan simulacrum (Crypt:1)
  14 naga magi
  6 molten gargoyles
  An unseen horror (shapeshifter) (Elf:3)
  2 gargoyles
  Maggie (D:8)
  23 cane toads
  A hellion (D:12)
  2 minotaur zombies (Gauntlet)
  2 unseen horrors
  An efreet (D:13)
  3 kobold demonologists
  3 rime drakes
  A yaktaur zombie (Vaults:4)
  A wolf spider (shapeshifter) (Vaults:5)
  13 yaktaurs
  7 komodo dragons
  A redback zombie (D:13)
  3 tengu conjurers
  12 freezing wraiths
  9 trolls
  A great orb of eyes zombie (Crypt:2)
  2 polar bears
  An unseen horror skeleton (Crypt:1)
  A hydra zombie (Crypt:3)
  10 tyrant leeches
  A guardian mummy (Crypt:3)
  2 bloated husks
  2 raiju (shapeshifter)
  66 saltlings (Desolation)
  20 hornets
  Prince Ribbit (D:5)
  2 alligator simulacra (IceCv)
  19 blink frogs
  2 glass eyes (Depths:1)
  A meliai zombie (Crypt:1)
  A jumping spider (shapeshifter) (Vaults:5)
  6 slime creatures
  A fire giant simulacrum (Depths:1)
  3 shadows
  A slime creature (shapeshifter) (Depths:1)
  A guardian serpent skeleton (Crypt:2)
  2 air elementals (Elf:2)
  A centaur simulacrum (Crypt:1)
  20 spriggans
  A black mamba zombie (Crypt:1)
  6 jumping spiders
  A dire elephant simulacrum (IceCv)
  Sigmund (D:3)
  8 wyverns
  12 wraiths
  An ushabti (Crypt:3)
  5 water elementals
  2 vampires
  39 yaks
  4 basilisks
  A black mamba skeleton (Crypt:1)
  8 fire elementals
  A neqoxec (Zot:2)
  Eustachio (D:6)
  16 vampire mosquitoes
  2 steam dragons (D:8)
  6 wargs
  38 nagas
  4 redbacks
  A swamp worm (shapeshifter) (Depths:4)
  5 small abominations (Gauntlet)
  An acid dragon (D:13)
  5 harpy simulacra
  A two-headed ogre zombie (Crypt:2)
  16 swamp worms
  17 water moccasins
  4 hell hounds (Elf:1)
  A hydra simulacrum (IceCv)
  A glowing shapeshifter skeleton (Vaults:4)
  9 swamp drakes
  49 orc warriors
  An ogre skeleton (Vaults:3)
  A two-headed ogre skeleton (Crypt:1)
  6 ice beasts (D:10)
  19 ogres
  2 black bears
  15 laughing skulls
  3 ettin simulacra (IceCv)
  A spriggan simulacrum (Depths:1)
  3 boggarts (Vaults:3)
  27 wolves
  17 centaurs
  4 lemures
  9 kobold brigands
  2 phantoms
  4 elf zombies (Ossuary)
  20 bullfrogs
  5 scorpions
  11 wyvern skeletons (Crypt:3)
  9 earth elementals
  20 wights
  A lindwurm simulacrum (IceCv)
  11 killer bees (D:10)
  6 electric eels
  2 yak skeletons (Crypt:1)
  5 howler monkeys
  17 centaur zombies
  3 bombardier beetles
  2 hounds
  3 human zombies
  27 orc priests
  A boggart zombie (D:13)
  A gnoll bouda (D:5)
  19 orc wizards
  2 sleepcaps
  An iguana (D:7)
  11 hell rats
  2 tengu skeletons (Crypt:1)
  11 hound zombies (Ossuary)
  3 mummies
  11 adders
  5 gnolls
  5 river rats
  A swamp drake skeleton (Crypt:3)
  5 shadow imps
  2 ufetubi (D:7)
  4 adder zombies (Ossuary)
  4 dart slugs
  3 ribbon worms (D:5)
  101 orcs
  4 endoplasms
  4 giant cockroaches
  4 goblins
  6 hobgoblins
  13 jackals
  24 kobolds
  10 ball pythons
  4 bats
  5 frilled lizards
  A gnoll zombie (Ossuary)
  2 goblin zombies (D:5)
  A hobgoblin zombie (D:5)
  5 jackal zombies (Ossuary)
  2 kobold skeletons (D:5)
  4 kobold zombies (Ossuary)
  An orc skeleton (D:5)
  5 orc zombies
  A quokka zombie (Crypt:1)
  12 rats
2640 creatures vanquished.

Vanquished Creatures (others)
  A guardian serpent (Snake:3)
  2 hornets (Swamp:2)
  2 spriggans (Swamp:2)
  3 orcs
  21 foxfires
29 creatures vanquished.

Grand Total: 2669 creatures vanquished

Notes
Turn   | Place    | Note
-------+----------+-------------------------------------------
     0 | D:1      | elliptic the Coglin Hexslinger began the quest for the Orb.
     0 | D:1      | Reached XP level 1. HP: 15/15 MP: 2/2
   152 | D:1      | Reached XP level 2. HP: 14/22 MP: 3/3
   190 | D:1      | Learned a level 2 spell: Jinxbite
   316 | D:1      | hm
   316 | D:1      | meh
   485 | D:1      | Reached XP level 3. HP: 28/28 MP: 4/4
  1056 | D:2      | Reached skill level 3 in Ranged Weapons
  1145 | D:2      | Reached XP level 4. HP: 34/34 MP: 2/5
  1264 | D:3      | hm
  1282 | D:2      | Reached skill level 3 in Fighting
  1435 | D:3      | Reached XP level 5. HP: 41/41 MP: 6/6
  1435 | D:3      | Got Sif Muna's Compilation of Tropical Solvents
  1449 | D:3      | Noticed Sigmund
  1450 | D:3      | sigh
  1779 | D:4      | Noticed Pikel
  1779 | D:4      | Noticed a lemure
  1779 | D:4      | Noticed a lemure
  1779 | D:4      | Noticed a lemure
  1780 | D:4      | why
  1780 | D:4      | this is pretty bad
  1780 | D:4      | I guess I just run for now?
  1795 | D:4      | well
  1796 | D:5      | Entered Level 5 of the Dungeon
  1827 | D:5      | Noticed Prince Ribbit
  1828 | D:5      | why
  1844 | D:5      | Found a radiant altar of Vehumet.
  1926 | D:5      | Reached skill level 1 in Evocations
  2064 | D:5      | Found a glowing drain.
  2071 | Sewer    | Entered a sewer
  2072 | Sewer    | why
  2076 | Sewer    | Reached XP level 6. HP: 33/47 MP: 7/7
  2079 | Sewer    | Reached skill level 3 in Evocations
  2265 | Sewer    | uh
  2311 | Sewer    | Found a white marble altar of Elyvilon.
  2410 | Sewer    | Became a worshipper of Elyvilon the Healer
  2457 | D:5      | .......
  2466 | D:5      | Killed Prince Ribbit
  2467 | D:5      | Reached skill level 6 in Ranged Weapons
  2467 | D:5      | Reached XP level 7. HP: 52/52 MP: 8/8
  2471 | D:5      | hm
  2711 | D:5      | Found a glowing golden altar of the Shining One.
  2719 | D:5      | hm
  2721 | D:5      | Fell from the grace of Elyvilon
  2721 | D:5      | Became a worshipper of the Shining One
  3083 | D:5      | Reached skill level 3 in Dodging
  3180 | D:5      | okay
  3193 | D:5      | Reached XP level 8. HP: 60/60 MP: 4/9
  3567 | D:4      | Killed Pikel
  4031 | D:3      | Killed Sigmund
  4426 | D:6      | Reached XP level 9. HP: 68/68 MP: 10/10
  4542 | D:6      | Found a sand-covered staircase.
  4547 | Ossuary  | Entered an ossuary
  4569 | Ossuary  | Reached * piety under the Shining One
  4654 | Ossuary  | Reached ** piety under the Shining One
  4740 | Ossuary  | Reached skill level 9 in Ranged Weapons
  4781 | Ossuary  | Reached *** piety under the Shining One
  4801 | Ossuary  | Reached skill level 6 in Fighting
  5097 | D:6      | Noticed Eustachio
  5098 | D:6      | hi
  5104 | D:6      | Killed Eustachio
  5113 | D:6      | Noticed a cyclops
  5428 | D:6      | Identified the +6 chain mail of Experimentation {SInv}
  5430 | D:6      | hm
  5857 | D:7      | Identified the +2 falchion of Kehufferch {freeze, Dex+8}
  5877 | D:7      | Reached **** piety under the Shining One
  5878 | D:7      | h
  5878 | D:7      | hm
  5878 | D:7      | eh
  6119 | D:7      | Found a staircase to the Ecumenical Temple.
  6131 | Temple   | Entered the Ecumenical Temple
  6486 | D:7      | Reached XP level 10. HP: 79/79 MP: 11/11
  6508 | D:7      | hm
  6650 | D:7      | Found an ancient bone altar of Kikubaaqudgha.
  6745 | D:7      | Found a transporter.
  6753 | D:7      | Found a transporter.
  6764 | D:7      | Noticed a kobold demonologist
  6765 | D:7      | oh no
  6791 | D:7      | Noticed a two-headed ogre
  6797 | D:7      | Killed a two-headed ogre
  7488 | D:8      | Found a transporter.
  7545 | D:8      | Noticed Maggie
  7546 | D:8      | hi
  7550 | D:8      | Killed Maggie
  7763 | D:8      | Found a transporter.
  7796 | D:8      | Reached skill level 1 in Armour
  7896 | D:8      | Found a one-way gate to the infinite horrors of the Abyss.
  7896 | D:8      | Noticed knightboat's ghost (novice CoHu)
  7993 | D:8      | Found a sparkling altar of Nemelex Xobeh.
  8389 | D:9      | Reached skill level 3 in Armour
  8487 | D:9      | Found a burning altar of Makhleb.
  8488 | D:9      | Found a glowing silver altar of Zin.
  8490 | D:9      | Found an iron altar of Okawaru.
  8499 | D:9      | Fell from the grace of the Shining One
  8499 | D:9      | Became a worshipper of Warmaster Okawaru
  8678 | D:9      | Noticed a two-headed ogre
  8684 | D:9      | Killed a two-headed ogre
  8685 | D:9      | Reached XP level 11. HP: 86/86 MP: 12/12
  9006 | D:9      | Reached * piety under Okawaru
  9091 | D:10     | Entered Level 10 of the Dungeon
  9092 | D:10     | hm
  9119 | D:10     | Reached skill level 1 in Invocations
  9223 | D:10     | Found a flagged portal.
  9249 | Bailey   | Entered a bailey
  9250 | Bailey   | okay
  9527 | Bailey   | Reached skill level 12 in Ranged Weapons
  9798 | Bailey   | Reached ** piety under Okawaru
 10577 | D:10     | Found a staircase to the Lair.
 10629 | D:10     | Noticed a two-headed ogre
 10635 | D:10     | Killed a two-headed ogre
 10635 | D:10     | Reached *** piety under Okawaru
 10988 | D:11     | hm
 11214 | D:11     | Reached skill level 9 in Fighting
 11247 | D:11     | Reached **** piety under Okawaru
 11296 | D:11     | Reached skill level 6 in Dodging
 11389 | D:10     | Reached XP level 12. HP: 24/95 MP: 13/13
 11722 | D:11     | sigh
 11722 | D:11     | Noticed Josephine
 11842 | Lair:1   | Entered Level 1 of the Lair of Beasts
 11846 | Lair:1   | Found the +1 robe of Vines {NoPotionHeal Regen++++}
 11848 | Lair:1   | oh
 11869 | Lair:1   | Noticed a seven-headed hydra
 11870 | Lair:1   | why
 11870 | Lair:1   | hm
 11899 | Lair:1   | Killed a seven-headed hydra
 11917 | Lair:1   | Noticed a six-headed hydra
 12047 | Lair:1   | Killed a six-headed hydra
 12290 | Lair:1   | Reached skill level 3 in Invocations
 12319 | Lair:1   | Reached ***** piety under Okawaru
 13385 | Lair:2   | Noticed a boulder beetle
 13396 | Lair:1   | Received a gift from Okawaru
 13447 | Lair:2   | Reached XP level 13. HP: 98/102 MP: 16/16
 13576 | Lair:2   | Reached ****** piety under Okawaru
 13576 | Lair:2   | Received a gift from Okawaru
 13577 | Lair:2   | Acquired the +2 hand cannon of Paetusm {heavy, rElec rF+}
 13577 | Lair:2   | Received a gift from Okawaru
 13690 | Lair:2   | Reached skill level 9 in Dodging
 13748 | Lair:2   | Found a staircase to the Snake Pit.
 14059 | Lair:2   | Found a staircase to the Swamp.
 14178 | Lair:2   | Received a gift from Okawaru
 14183 | Lair:2   | Reached skill level 15 in Ranged Weapons
 14227 | Lair:2   | Received a gift from Okawaru
 14321 | Lair:3   | Reached XP level 14. HP: 110/110 MP: 17/17
 14321 | Lair:3   | Acquired the scarf "Jicuuza" {rC+ rF+, Rampage Will- MP+9
                  | Dex+4}
 14321 | Lair:3   | Received a gift from Okawaru
 14323 | Lair:3   | Acquired a retrosamoflange W-90 {rPois Will+ rCorr Clar
                  | RMsl}
 14379 | Lair:3   | Received a gift from Okawaru
 14702 | Lair:3   | Upgraded the game from 0.32-a0-607-g64ea0e4219 to
                  | 0.32-a0-612-g1c984fe9d1
 14762 | Lair:4   | Found a radiant altar of Vehumet.
 14768 | Lair:4   | Reached skill level 6 in Invocations
 14775 | Lair:4   | Received a gift from Okawaru
 14992 | Lair:4   | Gained mutation: Your magical capacity is low. (-10% MP)
                  | [potion of mutation]
 14992 | Lair:4   | Gained mutation: Your flesh is cold resistant. (rC+)
                  | [potion of mutation]
 14992 | Lair:4   | Gained mutation: You are robust. (+10% HP) [potion of
                  | mutation]
 15010 | Lair:4   | Found a staircase to the Slime Pits.
 15026 | Lair:4   | Received a gift from Okawaru
 15704 | Lair:5   | Entered Level 5 of the Lair of Beasts
 15831 | Lair:5   | Received a gift from Okawaru
 15837 | Lair:5   | Noticed Urug
 15847 | Lair:5   | Killed Urug
 15873 | Lair:5   | Reached XP level 15. HP: 130/130 MP: 18/18
 16170 | Lair:5   | Received a gift from Okawaru
 16341 | Lair:5   | Identified the +1 short sword "Xetho" {antimagic, *Corrode
                  | rElec rC++ Dex+2}
 16750 | D:11     | Killed Josephine
 17036 | D:12     | Found a gate leading to a gauntlet.
 17044 | Gauntlet | Entered a Gauntlet
 17044 | Gauntlet | Found a transporter.
 17053 | Gauntlet | Found a transporter.
 17065 | Gauntlet | Found a transporter.
 17070 | Gauntlet | Found a transporter.
 17082 | Gauntlet | Found a transporter.
 17104 | Gauntlet | Found a transporter.
 17114 | Gauntlet | Found a transporter.
 17131 | Gauntlet | Found a transporter.
 17135 | Gauntlet | Found a transporter.
 17146 | Gauntlet | Found a transporter.
 17160 | Gauntlet | Found a transporter.
 17164 | Gauntlet | Found a transporter.
 17202 | Gauntlet | Reached skill level 12 in Fighting
 17252 | Gauntlet | Identified the +1 cloak of Noew {rC- Int+6 Dex+3}
 17267 | Gauntlet | Received a gift from Okawaru
 17272 | Gauntlet | Identified the ring "Guiwap" {rPois EV+5 Str+3}
 17322 | D:12     | Found Pulos's Armour Shoppe.
 17326 | D:12     | Found a staircase to the Orcish Mines.
 18115 | Orc:1    | Entered Level 1 of the Orcish Mines
 18204 | Orc:1    | Noticed an orc warlord
 18224 | Orc:1    | Killed an orc warlord
 18258 | Orc:1    | Found a roughly hewn altar of Beogh.
 18408 | Orc:2    | Entered Level 2 of the Orcish Mines
 18440 | Orc:2    | Received a gift from Okawaru
 18458 | Orc:2    | Found a staircase to the Elven Halls.
 18811 | Orc:2    | Found Anunem's Antique Weapon Boutique.
 18823 | Orc:2    | Noticed an orc warlord
 18828 | Orc:2    | Killed an orc warlord
 18953 | Orc:2    | Found Xekhug's Book Shoppe.
 18975 | Orc:2    | Found Hocir's Book Shoppe.
 18985 | Orc:2    | Found Tetan's Gadget Gallery.
 19006 | Orc:2    | Found Uthrest's Magic Scroll Boutique.
 19008 | Orc:2    | Found Ozyos's Magic Scroll Shop.
 19014 | Orc:2    | Bought a scroll of blinking for 127 gold pieces
 19014 | Orc:2    | Bought a scroll of blinking for 127 gold pieces
 19014 | Orc:2    | Bought a scroll of enchant armour for 127 gold pieces
 19030 | Orc:2    | Bought a scroll of teleportation for 54 gold pieces
 19041 | Orc:2    | Found Yrhor's Book Shoppe.
 19048 | Orc:2    | Found Lauvval's General Store.
 19186 | Orc:2    | Found Loroa's Antique Armour Emporium.
 19195 | Orc:2    | Bought an encrusted leather armour for 259 gold pieces
 19195 | Orc:2    | Identified the +0 leather armour of the Griffon {rPois}
                  | (You bought it in a shop on level 2 of the Orcish Mines)
 19495 | D:13     | Received a gift from Okawaru
 19544 | D:13     | Reached XP level 16. HP: 139/139 MP: 19/19
 19548 | D:13     | Reached skill level 18 in Ranged Weapons
 19699 | D:13     | Found a runed translucent gate.
 19701 | D:13     | Found a runed translucent gate.
 19701 | D:13     | Noticed Goblam's ghost (journeyman MiFi)
 19702 | D:13     | Found a runed translucent gate.
 19704 | D:13     | Identified the +1 sling of Qazlal's Pride {heavy, rF+}
 19878 | D:13     | Noticed Lodul
 19889 | D:13     | Reached skill level 12 in Dodging
 19911 | D:13     | Killed Lodul
 19911 | D:13     | Received a gift from Okawaru
 20312 | D:13     | Found a roughly hewn altar of Beogh.
 20362 | D:13     | Killed Goblam's ghost
 20380 | D:13     | Identified the +0 pair of boots "Didep" {-Cast rElec rC+++
                  | Str+4}
 20568 | D:14     | Received a gift from Okawaru
 21123 | D:14     | Found a gate to the Vaults.
 21256 | D:15     | Entered Level 15 of the Dungeon
 21317 | D:15     | Received a gift from Okawaru
 21695 | D:15     | Received a gift from Okawaru
 21696 | D:15     | Reached XP level 17. HP: 151/152 MP: 21/21
 21714 | D:15     | Reached skill level 9 in Invocations
 21720 | D:15     | Found a staircase to the Depths.
 22337 | Snake:1  | Entered Level 1 of the Snake Pit
 22354 | Snake:1  | Noticed Louise
 22462 | D:12     | Bought the +3 leather armour of Greed {rN+ Will+ Str+4} for
                  | 717 gold pieces
 22580 | Snake:1  | Killed Louise
 22768 | Snake:1  | Received a gift from Okawaru
 23730 | Snake:2  | Noticed Vashnia
 23754 | Snake:2  | why
 23755 | Snake:2  | stop
 23757 | Snake:2  | Killed Vashnia
 23961 | Orc:2    | Bought a scroll of fear for 68 gold pieces
 24128 | Snake:2  | Found a transporter.
 24137 | Snake:2  | Found a bloodstained altar of Trog.
 24140 | Snake:2  | Noticed Vikexyd's ghost (adept DrEE)
 24149 | Snake:2  | Found a transporter.
 24619 | Snake:2  | Reached skill level 15 in Fighting
 24853 | Snake:2  | eh
 24868 | Snake:2  | eh
 24876 | Snake:2  | Received a gift from Okawaru
 24933 | Snake:2  | Killed Vikexyd's ghost
 25057 | Snake:3  | Found a glacial archway.
 25066 | IceCv    | Entered an ice cave
 25085 | IceCv    | Reached XP level 18. HP: 165/165 MP: 22/22
 25140 | IceCv    | Reached skill level 15 in Dodging
 25629 | Snake:4  | Entered Level 4 of the Snake Pit
 25717 | Snake:4  | Found Deykejod's Tremendous Tomes.
 25784 | Snake:4  | Reached skill level 6 in Armour
 25852 | Snake:4  | Noticed Donald
 25859 | Snake:4  | Killed Donald
 26356 | Snake:4  | Received a gift from Okawaru
 26411 | Snake:4  | Noticed Saint Roka
 26421 | Snake:4  | Killed Saint Roka
 26566 | Snake:4  | Got a serpentine rune of Zot
 26740 | Swamp:1  | Entered Level 1 of the Swamp
 26889 | Swamp:1  | Received a gift from Okawaru
 27215 | Swamp:2  | Reached XP level 19. HP: 161/175 MP: 23/23
 27245 | Swamp:2  | Identified the serpent talisman "Tiuxkuocw" {Str+3 Dex+7}
 27245 | Swamp:2  | Noticed Aizul
 27253 | Swamp:2  | Killed Aizul
 27262 | Swamp:2  | Received a gift from Okawaru
 27842 | Swamp:3  | Found a radiant altar of Vehumet.
 28344 | Swamp:4  | Entered Level 4 of the Swamp
 28375 | Swamp:4  | Reached skill level 18 in Fighting
 28596 | Swamp:4  | Noticed the 27-headed Lernaean hydra
 28604 | Swamp:4  | Killed the 27-headed Lernaean hydra
 28617 | Swamp:4  | Received a gift from Okawaru
 28674 | Swamp:4  | Got a decaying rune of Zot
 28988 | Elf:1    | Entered Level 1 of the Elven Halls
 29241 | Elf:1    | what
 29422 | Elf:1    | Received a gift from Okawaru
 29431 | Elf:1    | Noticed Azrael
 29441 | Elf:1    | Killed Azrael
 29460 | Elf:1    | Got the Dissertation on Outbursts and the Boggart
 29612 | Elf:1    | Reached XP level 20. HP: 189/189 MP: 24/24
 29841 | Elf:1    | what
 29846 | Elf:1    | Reached skill level 18 in Dodging
 30429 | Elf:2    | Found an ancient bone altar of Kikubaaqudgha.
 30482 | Elf:2    | Found Guigi's Antique Weapon Boutique.
 30483 | Elf:2    | Found Tuzel's Distillery.
 30483 | Elf:2    | Found Zoypupi's Armour Boutique.
 30486 | Elf:2    | Found Ehesch's Antique Armour Boutique.
 30537 | Elf:2    | Received a gift from Okawaru
 30732 | Elf:2    | Paralysed by an air elemental for 1 turns
 30744 | Elf:2    | Received a gift from Okawaru
 30964 | Elf:2    | Found a runed translucent gate.
 30964 | Elf:2    | Found a runed translucent gate.
 30967 | Elf:2    | Found a runed translucent gate.
 31457 | Elf:2    | Received a gift from Okawaru
 31676 | Elf:3    | Entered Level 3 of the Elven Halls
 31688 | Elf:3    | Found Ruedwinuuf's Magic Scroll Emporium.
 31719 | Elf:3    | Bought a scroll of teleportation for 45 gold pieces
 31719 | Elf:3    | Bought a scroll of revelation for 112 gold pieces
 32292 | Elf:3    | Found Sejoen Eddu's Book Shoppe.
 32292 | Elf:3    | Found Ubeufemist's Jewellery Shop.
 32292 | Elf:3    | Noticed Mara
 32303 | Elf:3    | Killed Mara
 32304 | Elf:3    | Reached XP level 21. HP: 201/201 MP: 20/25
 32307 | Elf:3    | Found Xotalaf's Book Shoppe.
 32425 | Elf:3    | Received a gift from Okawaru
 32608 | Elf:3    | Received a gift from Okawaru
 32753 | Elf:3    | Found the +8 mithril axe "Arga" {speed, Will+}
 32808 | Elf:3    | Identified the +6 flail "Nuenooph" {freeze, rC+}
 32873 | Elf:3    | Identified the +4 orcbow of the Kidney {antimagic, Will+++
                  | Int-5 Dex+2}
 32998 | Elf:3    | Reached skill level 21 in Fighting
 33235 | Elf:3    | Found Ruedwinuuf's Magic Scroll Emporium.
 33293 | Elf:3    | Found Sejoen Eddu's Book Shoppe.
 33293 | Elf:3    | Found Ubeufemist's Jewellery Shop.
 33294 | Elf:3    | Found Xotalaf's Book Shoppe.
 33796 | Vaults:1 | Entered Level 1 of the Vaults
 33834 | Vaults:1 | Found a crumbling gateway.
 33836 | Vaults:1 | Noticed Norris
 33845 | Vaults:1 | Killed Norris
 33871 | Desolati | Entered the Desolation of Salt
 34046 | Desolati | Identified the ring of Conflict {rC+ rN+ Will+ Int+3
                  | Stlth-}
 34046 | Desolati | Found the +5 glaive of the Guard {elec, spectral}
 34049 | Desolati | Received a gift from Okawaru
 34177 | Desolati | Received a gift from Okawaru
 34312 | Desolati | Reached XP level 22. HP: 210/214 MP: 26/26
 34577 | Desolati | Identified the +9 spear of the Vaults {pain, Int+5 Dex+3
                  | Stlth-}
 34589 | Desolati | Identified the amulet "Boalith" {Spirit rN+ Dex+2}
 34607 | Desolati | Got the Discursus on the Charmed Serac
 34865 | Vaults:1 | Received a gift from Okawaru
 35293 | Vaults:1 | Reached skill level 9 in Armour
 35628 | Vaults:1 | Received a gift from Okawaru
 36059 | Vaults:2 | Received a gift from Okawaru
 36076 | Vaults:2 | Reached skill level 12 in Invocations
 36344 | Vaults:2 | Found a staircase to the Crypt.
 36625 | Vaults:2 | Reached skill level 21 in Dodging
 37025 | Vaults:3 | Received a gift from Okawaru
 37045 | Vaults:3 | Reached XP level 23. HP: 224/224 MP: 28/28
 37101 | Vaults:3 | Got the Monograph on the Brume and Imprecation
 37172 | Vaults:3 | Found a runed translucent gate.
 37172 | Vaults:3 | Found a runed translucent gate.
 37173 | Vaults:3 | Found a runed translucent gate.
 37178 | Vaults:3 | Noticed Feshunla's ghost (adept KoEn)
 37391 | Vaults:3 | Received a gift from Okawaru
 37398 | Vaults:3 | Found Rokuosov's Weapon Shoppe.
 37609 | Vaults:3 | Found Qiq Lola's Jewellery Shop.
 37743 | Vaults:3 | Identified the +3 plate armour of Recklessness {Str+7
                  | Stlth+}
 37980 | Vaults:3 | Killed Feshunla's ghost
 38036 | Vaults:3 | Identified the +0 cloak of Taghol {Harm Dex+7}
 38533 | Vaults:4 | Received a gift from Okawaru
 38605 | Vaults:4 | Noticed Xtahua
 38609 | Vaults:4 | Paralysed by Xtahua for 3 turns
 38618 | Vaults:4 | Killed Xtahua
 38619 | Vaults:4 | Reached skill level 24 in Fighting
 39157 | Crypt:1  | Entered Level 1 of the Crypt
 39381 | Orc:2    | Bought a scroll of enchant armour for 105 gold pieces
 39705 | Crypt:1  | Reached XP level 24. HP: 239/239 MP: 27/28
 39797 | Crypt:1  | Received a gift from Okawaru
 39894 | Crypt:1  | hm
 40450 | Crypt:2  | Noticed Mennas
 40482 | Crypt:1  | Killed Mennas
 40572 | Crypt:2  | Received a gift from Okawaru
 40575 | Crypt:2  | Found a runed translucent door.
 40576 | Crypt:2  | Noticed Uferhotu's ghost (veteran MiGl)
 41149 | Crypt:2  | Identified the +6 chain mail "Qipseg" {-Tele rElec Int+4}
 41293 | Crypt:2  | Killed Uferhotu's ghost
 41293 | Crypt:2  | Received a gift from Okawaru
 41301 | Crypt:2  | Got the Omnibus of Mustered Topology
 41344 | Crypt:3  | Entered Level 3 of the Crypt
 41551 | Crypt:3  | Found a staircase to the Tomb.
 41731 | Crypt:3  | Found a basalt altar of Yredelemnul.
 41949 | Crypt:3  | Received a gift from Okawaru
 41987 | Crypt:3  | Reached skill level 27 in Fighting
 42022 | Crypt:3  | Identified the +1 great sword "Xennimel" {elec, +Blink Fly
                  | Will- Int+3}
 42022 | Crypt:3  | Identified the ring of Ysugge {^Drain rPois Will+ rCorr
                  | Stlth+}
 42034 | Crypt:3  | Reached XP level 25. HP: 257/257 MP: 26/28
 42086 | Crypt:3  | Identified the amulet "Ilade" {Faith rPois Stlth+}
 43056 | Crypt:2  | eh
 43299 | Depths:1 | Entered Level 1 of the Depths
 43310 | Depths:1 | Found Wul Tint's Antique Weapon Shoppe.
 43311 | Depths:1 | Found a gateway to Hell.
 43337 | Depths:1 | Found an opulent altar of Gozag.
 43365 | Depths:1 | Noticed Bai Suzhen
 43376 | Depths:1 | Killed Bai Suzhen
 43389 | Depths:1 | Received a gift from Okawaru
 43534 | Depths:1 | Noticed Nikola
 43539 | Depths:1 | Killed Nikola
 43589 | Depths:1 | Found a transporter.
 43589 | Depths:1 | Noticed Mafezacs's ghost (veteran DsAl)
 44159 | Depths:2 | Found a one-way gate leading to the halls of Pandemonium.
 44619 | Depths:1 | Found the amulet of Vitality {Regen++ RegenMP++}
 44642 | Depths:1 | Received a gift from Okawaru
 44944 | Depths:1 | Identified the +3 plate armour "Neer Rap" {MP+9}
 44958 | Depths:1 | Received a gift from Okawaru
 45045 | Depths:1 | Reached XP level 26. HP: 266/266 MP: 28/28
 45056 | Depths:1 | Reached skill level 24 in Dodging
 45250 | Depths:1 | Identified the ring "Ulunnimp" {Fly Dex+3}
 45277 | Depths:1 | Found a transporter.
 45667 | Depths:3 | Received a gift from Okawaru
 45685 | Depths:3 | Found Jidy's Magic Scroll Shop.
 45693 | Depths:3 | Bought a scroll of teleportation for 63 gold pieces
 45693 | Depths:3 | Bought a scroll of teleportation for 63 gold pieces
 45863 | Depths:3 | Found Ymuthruugg's Jewellery Shop.
 45957 | Depths:2 | Identified the +5 quarterstaff "Geathrom" {flame, ^Drain
                  | rElec rF++ Int+3}
 46289 | Depths:3 | ehh
 46291 | Depths:3 | oh right
 46309 | Depths:3 | why
 46346 | Depths:3 | Received a gift from Okawaru
 46553 | Depths:3 | Identified the +3 plate armour of Oladiz {Rampage rN+}
 46821 | Depths:4 | Entered Level 4 of the Depths
 46989 | Depths:4 | Found a gate to the Realm of Zot.
 47108 | Depths:4 | Found a one-way gateway to a ziggurat.
 47151 | Depths:4 | Reached XP level 27. HP: 273/273 MP: 28/28
 47377 | Depths:4 | Found Remit's Overcharged Wands.
 47679 | Depths:3 | Received a gift from Okawaru
 47993 | Vaults:5 | Entered Level 5 of the Vaults
 48119 | Vaults:5 | Noticed an ancient lich
 48130 | Vaults:5 | Killed an ancient lich
 48131 | Vaults:5 | Reached skill level 27 in Dodging
 48319 | Vaults:5 | Received a gift from Okawaru
 48692 | Vaults:5 | Received a gift from Okawaru
 49043 | Vaults:5 | Identified the staff "Wohic" {rElec Str+3 Air}
 49300 | Vaults:5 | Got a silver rune of Zot
 49674 | Orc:2    | Bought a potion of heal wounds for 70 gold pieces
 49674 | Orc:2    | Bought a potion of invisibility for 112 gold pieces
 49674 | Orc:2    | Bought a scroll of silence for 133 gold pieces
 49700 | Orc:2    | Bought a scroll of enchant weapon for 127 gold pieces
 49708 | Orc:2    | Bought a scroll of brand weapon for 171 gold pieces
 49708 | Orc:2    | Bought a scroll of enchant armour for 135 gold pieces
 49800 | Elf:2    | Bought a potion of heal wounds for 80 gold pieces
 49800 | Elf:2    | Bought a potion of enlightenment for 80 gold pieces
 49800 | Elf:2    | Bought a potion of curing for 48 gold pieces
 49800 | Elf:2    | Bought a potion of curing for 48 gold pieces
 49800 | Elf:2    | Bought a potion of mutation for 128 gold pieces
 49848 | Elf:3    | Bought a scroll of brand weapon for 142 gold pieces
 50093 | Depths:3 | Bought 3 scrolls of fear for 252 gold pieces
 50093 | Depths:3 | Bought a scroll of fear for 84 gold pieces
 50145 | Zot:1    | Entered Level 1 of the Realm of Zot
 50145 | Zot:1    | Noticed an electric golem
 50152 | Zot:1    | Killed an electric golem
 50226 | Zot:1    | Reached skill level 21 in Ranged Weapons
 50340 | Zot:3    | Received a gift from Okawaru
 50696 | Zot:5    | Entered Level 5 of the Realm of Zot
 50814 | Zot:5    | Found the +4 dragonskin cloak
 50814 | Zot:5    | Noticed Tiamat
 50828 | Zot:5    | Killed Tiamat
 50886 | Zot:5    | Received a gift from Okawaru
 50995 | Zot:5    | Got a prismatic gem with 168 turns to spare
 51022 | Zot:5    | Noticed an ancient lich
 51025 | Zot:5    | Killed an ancient lich
 51075 | Zot:5    | Noticed an orb of fire
 51081 | Zot:5    | Killed an orb of fire
 51083 | Zot:5    | Noticed an orb of fire
 51090 | Zot:5    | Killed an orb of fire
 51127 | Zot:5    | Received a gift from Okawaru
 51144 | Zot:5    | Noticed an electric golem
 51148 | Zot:5    | Killed an electric golem
 51204 | Zot:5    | Noticed an orb of fire
 51204 | Zot:5    | Noticed an electric golem
 51214 | Zot:5    | Gained mutation: You are dopey. (Int -2) [an orb of fire]
 51217 | Zot:5    | Killed an orb of fire
 51223 | Zot:5    | Killed an electric golem
 51230 | Zot:5    | Noticed an ancient lich
 51234 | Zot:5    | Noticed an orb of fire
 51235 | Zot:5    | Killed an ancient lich
 51235 | Zot:5    | Gained mutation: You are weak. (Str -2) [an orb of fire]
 51236 | Zot:5    | Reached skill level 24 in Ranged Weapons
 51243 | Zot:5    | Killed an orb of fire
 51250 | Zot:5    | Got the Orb of Zot
 51303 | Zot:5    | Noticed Latovuj the pandemonium lord
 51620 | D:13     | Noticed Bomno the pandemonium lord
 51941 | D:$      | Escaped with the Orb!

Levels and vault maps discovered:
D:1:      wheals_arrival_shading, layout_basic
D:2:      layout_rooms
D:3:      layout_rooms, uniq_sigmund
D:4:      layout_loops_ring, uniq_pikel
D:5:      layout_gridville, vehumet_altar_wand_db, nicolae_tso_besieged_by_evil,
          lightli_sewer_entry_pipes, uniq_prince_ribbit1
D:6:      layout_cave_pods, enter_ossuary_2, lightli_corner_chamber,
          uniq_eustachio
D:7:      gammafunk_wand_slinger, layout_gridville, lemuel_tele_altar,
          minmay_temple_entry_junction, lightli_minifort
D:8:      layout_gridville, nemelex_spade_bored_becter,
          gammafunk_ghost_abyssal_escape, uniq_maggie
D:9:      layout_long_grid, grunt_temple_overflow_open
D:10:     layout_long_grid, hellmonk_lair_entry_icy, enter_bailey_1,
          lemuel_flamethrower_2
D:11:     layout_cave_pools, grunt_ogre_cave, uniq_josephine
D:12:     layout_roguey, orc_david_3, gauntlet_entry_generic,
          chequers_serial_rivers_marsh, minivault_8
D:13:     layout_gridville, biasface_ghost_orc_armoury, serial_undead,
          serial_undead_f, serial_undead_a, serial_undead_b, serial_undead_c,
          serial_undead_e, serial_undead_f, serial_undead_f, serial_undead_c,
          uniq_lodul
D:14:     layout_loops_ring, hellmonk_vaults_order_and_chaos,
          nicolae_hexahallways
D:15:     hellmonk_depths_entry_around_the_bend, layout_loops_corners,
          grunt_decor_resistance, nicolae_titane
Temple:   hellmonk_temple_of_storms
Lair:1:   layout_cave_pods, hellmonk_guarded_unrand_vines, grunt_megastairs_5
Lair:2:   layout_hall_layers, palyth_hydra_swamp_entry,
          minmay_snake_entry_six_corridors, minmay_lair_oklob_bushes,
          lemuel_fruit_fields
Lair:3:   layout_big_grid
Lair:4:   layout_small_grid, dpeg_slime_entry_enclosed, basic_altar,
          serial_bayou_shore_a, grunt_megastairs_4
Lair:5:   minmay_lair_end_frog_pond, layout_regular_city,
          nicolae_lair_run_with_the_wolves, uniq_urug
Swamp:1:  layout_basic_swamp, evilmike_swamp_ruin_house_4, swamp_pool_3
Swamp:2:  layout_basic_swamp, evilmike_swamp_ruin_house_5, uniq_aizul
Swamp:3:  layout_falls_marsh, nicolae_swamp_feature_on_the_river_bank,
          infiniplex_staircase_pool
Swamp:4:  swamp_alternative, layout_basic_swamp
Snake:1:  layout_misc_corridors, nicolae_snake_gridmaze_big_u, uniq_louise
Snake:2:  layout_chambers, gammafunk_ghost_wrathful_warriors,
          nicolae_integral_box, uniq_vashnia
Snake:3:  layout_rooms, portal_ice_cave_entry_pillars_three, serial_curves,
          eino_curves_04, eino_curves_01, eino_curves_02, eino_curves_03
Snake:4:  johnstein_snake_rune_scales, layout_cave_town,
          nicolae_shop_i_like_big_books, uniq_saint_roka, uniq_donald
Orc:1:    layout_caves, nicolae_orc_damp_corner, minmay_orc_temple_c
Orc:2:    grunt_orc_gardens, layout_caves, grunt_orc_garden, grunt_orc_garden,
          grunt_orc_garden, grunt_orc_garden, serial_shops, shop, shop, shop,
          nicolae_shop_peninsula, nicolae_shop_gadgets
Elf:1:    layout_onion_city, minmay_elf_sorcery, nicolae_elf_martial_mastery,
          uniq_azrael
Elf:2:    nicolae_elf_blades_splatter_lattice [nicolae_blade_entry_antechamber],
          layout_loops_cross, basic_altar,
          nicolae_concentric_dashed_squares_wild, minmay_shop_grid_forest
Elf:3:    minmay_elf_hall_golems, layout_loops_cross, serial_shops, shop,
          wad_dig_loot, minmay_shop_grove, uniq_mara
Vaults:1: portal_desolation_entry_twin_temple, nicolae_vaults_network_square,
          nicolae_vaults_tangram_1, v_alt_pattern_6, ontoclasm_vaults_hangar,
          nicolae_vaults_tetromino_Z_2, v_rooms_2,
          vaults_standard_mumra_enter_the_diamond, v_alt_pattern_5,
          layout_vaults_maze_bifur, uniq_norris
Vaults:2: hangedman_vaults_unwind, minmay_crypt_entry_simple_box,
          nicolae_vaults_heart-shaped_vault, vaults_mumra_hexcomb,
          nicolae_vaults_closet_pinwheel_1, st_spiral_rooms,
          layout_vaults_omnigrid
Vaults:3: gammafunk_ghost_tricky_traps, nicolae_vaults_lightning_bolt,
          v_misc_18, dpeg_vaults_monster_box, hangedman_vaults_locks, v_misc_19,
          serial_library_hellmonk_angled_corner, hangedman_vaults_restitches,
          nicolae_vaults_shrinking_rooms_2, v_misc_24,
          nicolae_vaults_trapezoid_3, nicolae_vaults_wine_cellar,
          layout_vaults_ring, serial_shops, shop
Vaults:4: vaults_room_fancy_cross, v_misc_22, ontoclasm_vaults_loading_screen,
          v_misc_5, nicolae_vaults_closet_pinwheel_3, nicolae_vaults_network_s,
          nicolae_vaults_meiosis, v_alt_pattern_1, hangedman_vaults_corner,
          v_misc_33, nicolae_vaults_trapezoid_3,
          nicolae_vaults_variable_pillar_hall, layout_vaults_omnibox,
          uniq_xtahua
Vaults:5
Crypt:1:  layout_regular_city, nicolae_crypt_more_like_crabt
Crypt:2:  hangedman_hall_of_fallen_heroes, layout_misc_corridors,
          ebering_ghost_reflecting_pool, uniq_mennas
Crypt:3:  evilmike_haunted_forest
Depths:1: minmay_the_grid_square_5x5_5x5_mashed
          [minmay_the_grid_square_5x5_shrine2,
          minmay_the_grid_square_5x5_hollow_slash,
          minmay_the_grid_square_5x5_inverted_slash,
          minmay_the_grid_square_5x5_inner_i,
          minmay_the_grid_square_5x5_three_small,
          minmay_the_grid_square_5x5_empty,
          minmay_the_grid_square_5x5_prize_gold,
          minmay_the_grid_square_5x5_forky,
          minmay_the_grid_square_5x5_prize_junk,
          minmay_the_grid_square_5x5_beaten_path,
          minmay_the_grid_square_5x5_gyroscope,
          minmay_the_grid_square_5x5_inset,
          minmay_the_grid_square_5x5_prize_waves,
          minmay_the_grid_square_5x5_dogpile, minmay_the_grid_square_5x5_z,
          minmay_the_grid_square_5x5_broken_cross,
          minmay_the_grid_square_5x5_prize_monsterx,
          minmay_the_grid_square_5x5_inner_z,
          minmay_the_grid_square_5x5_prize_deathbox,
          minmay_the_grid_square_5x5_mess, minmay_the_grid_square_5x5_lines,
          minmay_the_grid_square_5x5_inner_v, minmay_the_grid_square_5x5_fat_x,
          minmay_the_grid_square_5x5_plus,
          minmay_the_grid_square_5x5_checkered_statues], layout_twisted_cross,
          gammafunk_ghost_arena, serial_shops, shop, grunt_gozag_breadcrumbs,
          hell_entry, wad_floor_pattern_2, hangedman_cracks_in_the_wall,
          serial_bayou_shore_b, serial_bayou_shore_b, uniq_bai_suzhen,
          uniq_nikola
Depths:2: nicolae_cairo_tiling_large, layout_long_grid, pan_entry,
          grunt_hell_horde, infiniplex_staircase_spiral_double, firewood_loft,
          serial_bayou_shore_b
Depths:3: grunt_bent_corner, layout_cave_shapes, abyss_entry, serial_shops,
          shop, hell_entry, hangedman_decor_growths, kennysheep_crisscross,
          minmay_holes, minmay_shop_star, uniq_margery
Depths:4: grunt_zot_entry_alcove, layout_gridlike, enter_ziggurat_b, hell_entry,
          nicolae_shop_overcharged_wands
Zot:1:    gammafunk_sealed_library, layout_gridlike, grunt_ministairs_2,
          uniq_parghit
Zot:2:    layout_twisted_circle, ebering_ghost_gozag, st_single_dragon_hoard_3,
          grunt_megastairs_2
Zot:3:    layout_basic, regret_index_zotdec_serpentine_scales,
          grunt_megastairs_3
Zot:4:    layout_basic
Zot:5:    layout_misc_corridors, uniq_tiamat

Action                     |  1- 3 |  4- 6 |  7- 9 | 10-12 | 13-15 | 16-18 | 19-21 | 22-24 | 25-27 || total
---------------------------+-------+-------+-------+-------+-------+-------+-------+-------+-------++-------
   Fire: Sling             |   174 |   208 |   860 |  1790 |   763 |   900 |  1064 |  1367 |  1641 ||  8767
         Hand cannon       |       |       |       |       |   693 |   900 |  1064 |  1367 |  1641 ||  5665
  Throw: Dart              |       |     1 |     4 |    22 |     3 |       |       |       |     1 ||    31
         Throwing net      |       |       |       |       |       |     1 |       |     3 |       ||     4
   Cast: Jinxbite          |     3 |    15 |    20 |       |       |       |       |       |       ||    38
 Invoke: Heroism           |       |       |       |     3 |     1 |     4 |     2 |     1 |     2 ||    13
         Finesse           |       |       |       |     1 |     8 |    15 |    14 |    10 |    19 ||    67
         Receive Weapon    |       |       |       |       |     1 |       |       |       |       ||     1
         Receive Armour    |       |       |       |       |     1 |       |       |       |       ||     1
Ability: Invent Gizmo      |       |       |       |       |     1 |       |       |       |       ||     1
  Evoke: Wand              |       |     9 |     4 |    25 |       |     1 |     1 |     1 |     3 ||    44
         Lightning rod     |       |       |       |       |       |     5 |       |       |     5 ||    10
    Use: Scroll            |     1 |     2 |    14 |     8 |     9 |     7 |     3 |     3 |    14 ||    61
         Potion            |       |       |       |       |     1 |     1 |       |     1 |     7 ||    10
 Armour: Robe              |     7 |       |       |    38 |   125 |   138 |    88 |   246 |   216 ||   858
         Leather armour    |       |    27 |   116 |    50 |       |       |    96 |       |       ||   289
         Steam dragon scal |       |       |       |   154 |       |       |       |       |       ||   154
  Dodge: Dodged            |     9 |    30 |   117 |   314 |   317 |   316 |   399 |   884 |   747 ||  3133
         Repelled          |       |       |       |       |    10 |    53 |    52 |    16 |    50 ||   181
